 Dungeon Crawl Stone Soup version 0.22.0-16-gc6d26f6 (webtiles) character file.

5470 Inarius the Carver (level 10, -15/88 HPs)
             Began as a Minotaur Abyssal Knight on Aug 17, 2018.
             Was an Elder of Lugonu.
             Killed from afar by a guardian serpent (18 damage)
             ... with a bolt of poison
             ... on level 9 of the Dungeon.
             The game lasted 00:26:37 (10145 turns).

Inarius the Carver (Minotaur Abyssal Knight)       Turns: 10145, Time: 00:26:39

Health: -15/88     AC: 16    Str: 22    XL:     10   Next: 42%
Magic:  0/4        EV:  8    Int: 12    God:    Lugonu [****..]
Gold:   168        SH: 10    Dex: 14    Spells: 9/9 levels left

rFire    + . .     SeeInvis .   I - +3 dagger (speed)
rCold    + + +     Gourm    .   w - +0 shield
rNeg     . . .     Faith    .   y - +2 chain mail {rF+}
rPois    .         Spirit   +   (helmet restricted)
rElec    .         Reflect  .   o - +2 cloak
rCorr    +         Harm     .   (no gloves)
MR       .....                  (no boots)
Stlth    ..........             r - amulet of Riesise {Spirit rC+++ MP-9 Int+3 Dex+4}
HPRegen  0.24/turn              u - ring of resist corrosion
MPRegen  0.09/turn              G - +2 ring of strength

@: lethally poisoned (-15 -> -27), about to teleport, slowed, very slow
A: retaliatory headbutt, horns 2
a: Depart the Abyss, Bend Space, Banish, Corrupt, Renounce Religion


You were on level 9 of the Dungeon.
You worshipped Lugonu.
Lugonu was greatly pleased with you.
You were hungry.

You visited 1 branch of the dungeon, and saw 9 of its levels.
You visited the Abyss 1 time.
You also visited: Sewer and Ossuary.

You collected 447 gold pieces.
You spent 279 gold pieces at shops.

Inventory:

Hand Weapons
 a - a +2 falchion
 I - a +3 dagger of speed (weapon)
Armour
 o - a +2 cloak (worn)
 w - a +0 shield (worn)
 y - a +2 chain mail of fire resistance (worn)
Jewellery
 e - an uncursed ring of fire
 k - the amulet of the Air {Inacc +Fly rElec EV+5 RMsl}
   (You found it on level 6 of the Dungeon)

   [amulet of inaccuracy]

   It reduces the accuracy of all your attacks.
   It affects your evasion (+5).
   It insulates you from electricity.
   It lets you fly.
   It protects you from missiles.
 r - the amulet of Riesise (around neck) {Spirit rC+++ MP-9 Int+3 Dex+4}
   (You bought it in a shop on level 5 of the Dungeon)

   [amulet of guardian spirit]

   It causes incoming damage to be split between your health and magic.
   It affects your intelligence (+3).
   It affects your dexterity (+4).
   It renders you almost immune to cold.
   It affects your magic capacity (-9).
 u - a ring of resist corrosion (left hand)
 G - a +2 ring of strength (right hand)
 J - a cursed amulet of inaccuracy {unknown}
Wands
 d - a wand of acid (7)
 s - a wand of enslavement (12)
 t - a wand of iceblast (14)
 D - a wand of paralysis (5)
Scrolls
 f - a scroll of magic mapping
 h - a scroll of remove curse
 j - 5 scrolls of fog
 n - 5 scrolls of teleportation
 p - a scroll of noise {unknown}
 q - a scroll of immolation {unknown}
 A - a scroll of blinking {unknown}
 C - a scroll of random uselessness {unknown}
 E - a scroll of amnesia {unknown}
 F - a scroll of torment {unknown}
Potions
 b - a potion of cancellation {unknown}
 g - 4 potions of flight
 i - 2 potions of haste
 l - 4 potions of curing
 m - 5 potions of heal wounds
 v - 6 potions of lignification {unknown}
 x - 2 potions of ambrosia {unknown}
 z - 2 potions of magic {unknown}
 B - 4 potions of agility {unknown}
Comestibles
 c - 22 rations


   Skills:
 + Level 7.9 Fighting
 - Level 1.3(6.2) Short Blades
 + Level 10.4(10.5) Long Blades
 + Level 0.6 Throwing
 + Level 8.5 Armour
 + Level 3.6 Dodging
 - Level 1.0 Stealth
 + Level 6.1 Shields
 + Level 5.9 Invocations
 * Level 3.0 Evocations


You had 9 spell levels left.
You didn't know any spells.
Your spell library contained the following spells:

 Spells                   Type           Power        Failure   Level  Hunger
 Magic Dart               Conj           #...         100%        1    ##.....
 Apportation              Tloc           #.....       100%        1    ##.....
 Conjure Flame            Conj/Fire      #.......     100%        3    ####...
 Slow                     Hex            #.......     100%        2    ###....
 Confuse                  Hex            #.......     100%        3    ####...
 Throw Frost              Conj/Ice       #.....       100%        2    ###....
 Mephitic Cloud           Conj/Pois/Air  #.......     100%        3    ####...
 Summon Small Mammal      Summ           #...         100%        1    ##.....
 Blink                    Tloc           N/A          100%        2    ###....
 Animate Skeleton         Necr           N/A          100%        1    ##.....
 Freeze                   Ice            #...         100%        1    ##.....
 Summon Ice Beast         Ice/Summ       #.......     100%        4    #####..
 Ozocubu's Armour         Chrm/Ice       #.......     100%        3    ####...
 Call Imp                 Summ           #.......     100%        2    ###....
 Tukima's Dance           Hex            #.......     100%        3    ####...
 Throw Icicle             Conj/Ice       #.......     100%        4    #####..
 Confusing Touch          Hex            #.....       100%        1    ##.....
 Ensorcelled Hibernation  Hex/Ice        #.....       100%        2    ###....
 Corona                   Hex            #......      100%        1    ##.....
 Dazzling Spray           Conj/Hex       #.....       100%        3    ####...


Dungeon Overview and Level Annotations

Branches:
Dungeon (9/15)             Temple (0/1) D:5
   Lair: D:8-11         Orc: D:9-12

Altars:
Hepliaklqana
Makhleb
Nemelex Xobeh
Ru
Vehumet
Wu Jian

Shops:
D:4 [   D:5 (****   D:8 *


Innate Abilities, Weirdness & Mutations

You reflexively headbutt those who attack you in melee.
You have a pair of horns on your head.


Message History

Your headbutt misses the guardian serpent.
The guardian serpent is heavily wounded.
You feel sick. The guardian serpent hits you!
You feel better. The guardian serpent hits you.
You block the guardian serpent's attack.
You barely miss the guardian serpent.
The guardian serpent is heavily wounded.
The guardian serpent hits you! The guardian serpent hits you!!
* * * LOW HITPOINT WARNING * * *
You feel better. The guardian serpent hits you!!
* * * LOW HITPOINT WARNING * * *
The guardian serpent hits you.
* * * LOW HITPOINT WARNING * * *
As you read the scroll of teleportation, it crumbles to dust.
You feel strangely unstable.
The guardian serpent hits you but does no damage.
The guardian serpent casts a spell at you.
The bolt of poison hits you!
You are lethally poisoned!
You die...

#....## #.....#
####.....# ### #
)(#.....# ##.#####
(#.....# ##8.#.#.#
.##+##.....# #........
...........# #........
+...S@...# #.8.#.#.#
##..##..######.#.#.###
## ##....#.>..#######
#..........#....#.
#..........#....#.
#..........#....#.
#..........#....##
##...##....##...##
#...##....##...##


You could see a guardian serpent.

Vanquished Creatures
  A centaur warrior (D:8)
  Pikel (D:4)
  2 hornets (D:8)
  Prince Ribbit (D:8)
  3 hungry ghosts
  2 water moccasins
  2 soldier ants (D:8)
  Duvessa (D:6)
  An orc warrior (D:7)
  An ice beast (D:7)
  2 sky beasts
  4 slaves
  A phantom (D:7)
  2 ogres
  2 centaurs (D:6)
  6 bullfrogs
  A big kobold (Sewer)
  Blork the orc (D:6)
  Dowan (D:6)
  A scorpion (D:7)
  3 water moccasin zombies (Ossuary)
  2 crimson imps (D:7)
  A centaur skeleton (D:4)
  2 jellies
  4 hounds
  Crazy Yiuf (D:3)
  4 orc priests
  7 orc wizards
  4 bullfrog skeletons
  2 iguanas
  6 worker ants
  2 big kobold zombies (Ossuary)
  A hound zombie (D:8)
  2 mummies (Ossuary)
  Robin (D:2)
  2 worker ant zombies (D:5)
  8 adders
  4 river rats
  2 shadow imps (D:5)
  3 oozes
  3 adder skeletons
  4 adder zombies
  2 worms (D:3)
  A dart slug (D:2)
  11 leopard geckos
  21 orcs
  2 ball pythons
  10 bats
  5 giant cockroaches
  10 goblins
  11 hobgoblins
  4 jackals
  9 kobolds
  2 quokkas
  12 frilled lizards
  4 gnoll zombies (Ossuary)
  6 hobgoblin zombies (Ossuary)
  4 kobold zombies (Ossuary)
  2 leopard gecko skeletons (D:4)
  4 orc zombies (Ossuary)
  7 rats
231 creatures vanquished.

Vanquished Creatures (others)
  5 plants (D:6)
5 creatures vanquished.

Grand Total: 236 creatures vanquished

Notes
Turn   | Place    | Note
-------+----------+-------------------------------------------
     0 | Abyss:1  | Inarius the Minotaur Abyssal Knight began the quest for the Orb.
     0 | Abyss:1  | Reached XP level 1. HP: 19/19 MP: 1/1
    49 | Abyss:1  | Noticed an ancient zyme
    51 | D:1      | Escaped the Abyss
   288 | D:1      | Reached * piety under Lugonu
   373 | D:1      | Reached XP level 2. HP: 27/27 MP: 2/2
   702 | D:1      | You fall through a shaft!
  1062 | D:2      | Reached skill level 3 in Long Blades
  1062 | D:2      | Reached XP level 3. HP: 29/33 MP: 3/3
  1248 | D:2      | Noticed Robin
  1258 | D:2      | Killed Robin
  1284 | D:2      | Reached XP level 4. HP: 28/41 MP: 4/4
  1520 | D:2      | Reached skill level 5 in Fighting
  1881 | D:3      | Reached ** piety under Lugonu
  1893 | D:3      | Found a glowing drain.
  1897 | Sewer    | Entered a sewer
  2339 | Sewer    | Noticed a big kobold
  2494 | Sewer    | Reached XP level 5. HP: 42/48 MP: 5/5
  2589 | Sewer    | Reached skill level 4 in Long Blades
  2604 | Sewer    | Found a white marble altar of Elyvilon.
  2845 | D:3      | Reached XP level 6. HP: 50/56 MP: 7/7
  3391 | D:3      | Found a runed door.
  3395 | D:3      | Noticed Crazy Yiuf
  3402 | D:3      | Killed Crazy Yiuf
  3586 | D:4      | Reached skill level 5 in Long Blades
  3611 | D:4      | Reached XP level 7. HP: 46/62 MP: 8/8
  3760 | D:4      | Found Vuffasch's Armour Emporium.
  3836 | D:4      | Reached *** piety under Lugonu
  3841 | D:4      | Reached skill level 5 in Armour
  3897 | D:4      | Bought a +0 shield for 63 gold pieces
  4035 | D:5      | Entered Level 5 of the Dungeon
  4139 | D:5      | Noticed Pikel
  4169 | D:4      | HP: 3/62 [Pikel/whip of electrocution (18)]
  4817 | D:5      | Found a staircase to the Ecumenical Temple.
  4893 | D:5      | Found Ebloy's Assorted Antiques.
  4901 | D:5      | Bought a scroll labeled YCEMPIMONO for 26 gold pieces
  4901 | D:5      | Bought a ruby potion for 23 gold pieces
  4959 | D:5      | Reached skill level 6 in Long Blades
  4960 | D:5      | Found Biegh's Assorted Antiques.
  4970 | D:5      | Bought a vibrating emerald amulet for 105 gold pieces
  4980 | D:5      | Reached skill level 1 in Stealth
  4980 | D:5      | Reached skill level 1 in Shields
  5009 | D:5      | Found Xuvais's Weapon Boutique.
  5185 | D:5      | Found an ornate altar of the Wu Jian Council.
  5235 | D:5      | Found Weisum's General Store.
  5258 | D:5      | Found Iwuczi's Assorted Antiques.
  5275 | D:5      | Reached XP level 8. HP: 70/70 MP: 8/10
  5370 | D:5      | Identified the amulet of Riesise {Spirit rC+++ MP-9 Int+3 Dex+4} (You bought it in a shop on level 5 of the Dungeon)
  5731 | D:6      | Found the amulet of the Air {Inacc +Fly rElec EV+5 RMsl}
  5731 | D:6      | Found a sparkling altar of Nemelex Xobeh.
  5739 | D:6      | Noticed Dowan
  5746 | D:6      | Noticed Duvessa
  5763 | D:6      | Killed Duvessa
  5766 | D:6      | Killed Dowan
  5781 | D:6      | Reached skill level 7 in Long Blades
  5854 | D:6      | Noticed Blork the orc
  5871 | D:6      | Killed Blork the orc
  6339 | D:6      | Reached skill level 5 in Invocations
  6388 | D:6      | Reached **** piety under Lugonu
  6865 | D:7      | Reached XP level 9. HP: 75/78 MP: 2/11
  6925 | D:7      | Reached skill level 8 in Long Blades
  7315 | D:7      | Got a warped leather armour
  7326 | D:7      | Identified the +2 leather armour of the Postmodern Beds {MR++ Int+4} (You found it on level 7 of the Dungeon)
  7881 | D:8      | Found Siciceg's General Store.
  7888 | D:8      | Bought a scroll of magic mapping for 42 gold pieces
  7891 | D:8      | Found a sand-covered staircase.
  7899 | Ossuary  | Entered an ossuary
  8266 | D:8      | Reached skill level 9 in Long Blades
  8409 | D:8      | Reached ***** piety under Lugonu
  8418 | D:8      | Reached skill level 5 in Shields
  8451 | D:8      | Noticed Prince Ribbit
  8459 | D:8      | Noticed a centaur warrior
  8499 | D:8      | Killed Prince Ribbit
  8499 | D:8      | Reached skill level 1 in Evocations
  9182 | D:8      | Killed a centaur warrior
  9182 | D:8      | Reached skill level 10 in Long Blades
  9182 | D:8      | Reached XP level 10. HP: 78/88 MP: 4/13
  9305 | D:4      | Killed Pikel
  9305 | D:4      | Reached skill level 1 in Short Blades
  9356 | D:5      | Bought a sedimented orange potion for 20 gold pieces
 10105 | D:9      | Found a burning altar of Makhleb.
 10107 | D:9      | Found a hazy altar of Hepliaklqana.
 10108 | D:9      | Found a radiant altar of Vehumet.
 10109 | D:9      | Found a sacrificial altar of Ru.
 10126 | D:9      | Noticed a guardian serpent
 10144 | D:9      | HP: 3/88 [guardian serpent (4)]
 10145 | D:9      | Killed from afar by a guardian serpent

Skill      XL: |  1  2  3  4  5  6  7  8  9 10 |
---------------+-------------------------------+-----
Invocations    | 2 3 4 5 |  5.9
Fighting       | 4 5 6 7 |  7.9
Long Blades    | 3 4 5 6 7 10 | 10.4
Armour         | 3 4 5 6 8 |  8.5
Dodging        | 2 3 |  3.6
Stealth        | 1 |  1.0
Shields        | 1 3 5 6 |  6.1
Evocations     | 2 3 |  3.0
Short Blades   | 1 |  1.3
Throwing       | |  0.6

Action                   |  1- 3 |  4- 6 |  7- 9 | 10-12 || total
-------------------------+-------+-------+-------+-------++-------
Melee: Falchion          |    65 |   119 |   519 |       ||   703
       Headbutt          |     8 |    19 |   123 |    30 ||   180
       Quarterstaff      |       |    18 |    21 |       ||    39
       Dagger            |       |       |    28 |    99 ||   127
Throw: Stone             |       |     5 |       |       ||     5
Invok: Depart the Abyss  |     1 |       |       |       ||     1
Evoke: Wand              |       |       |     1 |     2 ||     3
  Use: Scroll            |       |     7 |    13 |     2 ||    22
       Potion            |       |     1 |     1 |     2 ||     4
 Stab: Confused          |       |     1 |       |       ||     1
       Paralysed         |       |       |     3 |     2 ||     5
  Eat: Chunk             |     1 |     5 |    15 |       ||    21
       Ration            |       |     1 |     3 |     1 ||     5
Armor: Ring mail         |     2 |       |       |       ||     2
       Scale mail        |    26 |    70 |    38 |       ||   134
       Chain mail        |       |       |   194 |    16 ||   210
Dodge: Dodged            |    36 |    69 |   105 |    15 ||   225
Block: Shield            |       |       |   201 |    27 ||   228
       Rpst.: Falchion   |    12 |    17 |    28 |       ||    57
